 Dungeon Crawl Stone Soup version 0.18.1-50-g88ac8fd (webtiles) character file.

129 Gargoyl the Skirmisher (level 4, 0/34 HPs)
             Began as a Demonspawn Abyssal Knight on Oct 14, 2016.
             Was a Follower of Lugonu.
             Slain by a quasit (2 damage)
             ... summoned by a neqoxec
             ... on level 1 of the Dungeon.
             The game lasted 00:01:22 (85 turns).

Gargoyl the Skirmisher (Demonspawn Abyssal Knight)    Turns: 85, Time: 00:01:22

Health: 0/34       AC:  1    Str: 13      XL:     4   Next: 88%
Magic:  3/6        EV: 11    Int: 12 (14) God:    Lugonu [*.....]
Gold:   0          SH:  0    Dex: 11 (12) Spells: 0 memorised, 3 levels left

rFire  . . .     SeeInvis .     a - +1 hand axe
rCold  . . .     Gourm    .     b - +0 leather armour
rNeg   . . .     Faith    .     (no shield)
rPois  .         Spirit   .     (no helmet)
rElec  .         Dismiss  .     (no cloak)
rCorr  .         Reflect  .     (no gloves)
SustAt .         Harm     .     (no boots)
MR     .....                    (no amulet)
Stlth  ..........               (no ring)
                                (no ring)

@: confused, not resistant to hostile enchantments, extremely unstealthy
A: hooves 1, deformed body, frail 1
a: Depart the Abyss, Renounce Religion


You were on level 1 of the Dungeon.
You worshipped Lugonu.
Lugonu was aware of your devotion.
You were not hungry.

You visited 1 branch of the dungeon, and saw 1 of its levels.
You visited the Abyss 1 time.

Inventory:

Hand Weapons
 a - a +1 hand axe (weapon)
Armour
 b - a +0 leather armour (worn)
Comestibles
 c - a bread ration


   Skills:
 + Level 4.6 Fighting
 + Level 2.6 Axes
 + Level 2.2 Armour
 + Level 0.8 Dodging
 + Level 3.3 Invocations


You had 3 spell levels left.
You didn't know any spells.

Dungeon Overview and Level Annotations

Branches:
Dungeon (1/15)

Altars:


Innate Abilities, Weirdness & Mutations

You have large cloven feet.
Armour fits poorly on your strangely shaped body.
You are frail (-10% HP).


Message History

The shadow imp is lightly wounded.
The shadow imp disappears in a puff of smoke!
The quasit barely misses you. The quasit claws you.
You feel clumsy. The quasit misses you. The golden eye blinks at you.
You are more confused.
The shadow imp closely misses you. The crimson imp barely misses you.
The quasit bites you. The quasit misses you. The quasit closely misses you.
The neqoxec hits you!
* * * LOW HITPOINT WARNING * * *
Your leather armour prevents you from hitting the neqoxec.
Your kick misses the neqoxec.
The neqoxec is moderately wounded.
You completely miss the quasit.
The quasit is moderately wounded.
You hit the shadow imp.
The shadow imp is heavily wounded.
You miss the crimson imp. The quasit bites you.
You die...

#.# #.#
#.#
##.##
#...#
#...#
##.$.##
#.53.G#
#..@..#
#..55.#
##...##
#...#
#...#
##.##
#.# #.#


You could see a neqoxec, a quasit, a crimson imp, a golden eye and a shadow imp.

Vanquished Creatures
  A golden eye (Abyss:2)
1 creature vanquished.

Notes
Turn   | Place    | Note
--------------------------------------------------------------
     0 | Abyss:1  | Gargoyl the Demonspawn Abyssal Knight began the quest for the Orb.
     0 | Abyss:1  | Reached XP level 1. HP: 18/18 MP: 2/2
    16 | Abyss:2  | Noticed a golden eye
    16 | Abyss:2  | Noticed a golden eye
    16 | Abyss:2  | Noticed a golden eye
    16 | Abyss:2  | Noticed a golden eye
    16 | Abyss:2  | Noticed a golden eye
    18 | Abyss:2  | Noticed a golden eye
    68 | Abyss:2  | Noticed a neqoxec
    69 | Abyss:2  | Noticed a crimson imp
    72 | Abyss:2  | Killed a golden eye
    72 | Abyss:2  | Reached skill level 4 in Fighting
    72 | Abyss:2  | Gained mutation: You have large cloven feet. [demonic ancestry]
    72 | Abyss:2  | Reached XP level 2. HP: 26/26 MP: 2/4
    72 | Abyss:2  | Reached XP level 3. HP: 31/31 MP: 2/5
    72 | Abyss:2  | Reached XP level 4. HP: 38/38 MP: 2/6
    73 | Abyss:2  | Gained mutation: Armour fits poorly on your strangely shaped body. [a neqoxec]
    74 | D:1      | Escaped the Abyss
    80 | D:1      | Gained mutation: You are frail (-10% HP). [a neqoxec]
    85 | D:1      | Slain by a quasit

Skill      XL: |  1 |
---------------+----+-----
Fighting       | 4 |  4.6
Axes           | 2 |  2.6
Armour         | 2 |  2.2
Invocations    | 3 |  3.3
Dodging        | |  0.8

Action                   |  1- 3 |  4- 6 || total
-------------------------+-------+-------++-------
Melee: Hand axe          |    33 |     7 ||    40
Armor: Leather armour    |       |     1 ||     1
Dodge: Dodged            |       |    10 ||    10
